 Dungeon Crawl Stone Soup version 0.29-a0-841-g116ddc6ace (webtiles) character file.

Game seed: 3733937408435828347

4435 zishaf the Fighter (level 10, -16/60 HPs)
             Began as a Vine Stalker Brigand on July 14, 2022.
             Demolished by a two-headed ogre
             ... wielding a +0 giant club
              (21 damage)
             ... on level 9 of the Dungeon.
             The game lasted 00:14:01 (7203 turns).

zishaf the Fighter (Vine Stalker Brigand)           Turns: 7203, Time: 00:14:03

Health: -16/60     AC: 10    Str: 13    XL:     10   Next: 36%
Magic:  0/11       EV: 11    Int: 11    God:
Gold:   580        SH:  0    Dex: 21    Spells: 9/9 levels left

rFire   + . .      SeeInvis .   a - +3 dagger (vorpal)
rCold   . . .      Faith    .   (no shield)
rNeg    . . .      Spirit   +   l - +3 leather armour {rF+}
rPois   .          Reflect  .   x - +0 helmet
rElec   .          Harm     .   c - +0 cloak
rCorr   .          Rampage  .   g - +1 pair of gloves
Will    +....                   (no boots)
Stlth   ++++......              n - amulet of regeneration
HPRegen 1.80/turn               (no ring)
MPRegen 0.12/turn               (no ring)

@: no status effects
A: fangs 3, regeneration 1, magic shield, antimagic bite, no potion heal 2
a: no special abilities


You were on level 9 of the Dungeon.
You visited 2 branches of the dungeon, and saw 11 of its levels.

You collected 580 gold pieces.

Inventory:

Hand Weapons
 a - a +3 vorpal dagger (weapon)
 b - the +5 sling of Iduugy {vorpal, Str+4 Int+2 Dex+6}
   (You found it on level 7 of the Dungeon)

   Any ammunition fired from it inflicts extra damage upon your enemies.
   Str:       It affects your strength (+4).
   Int:       It affects your intelligence (+2).
   Dex:       It affects your dexterity (+6).
 E - a +0 dagger of electrocution
Missiles
 d - 29 poisoned darts
 e - 2 curare-tipped darts (quivered)
 r - 9 javelins
 s - 9 boomerangs
Armour
 c - a +0 cloak (worn)
 g - a +1 pair of gloves (worn)
 l - a +3 leather armour of fire resistance (worn)
 x - a +0 helmet (worn)
Jewellery
 n - an amulet of regeneration (around neck)
 p - a ring of ice
 C - an amulet of faith
 F - a ring of resist corrosion
Wands
 v - a wand of quicksilver (7)
 w - a wand of flame (29)
Scrolls
 j - 4 scrolls of enchant weapon
 k - a scroll of fear
 o - a scroll of magic mapping
Potions
 f - 3 potions of curing
 h - 2 potions of lignification
 i - 3 potions of invisibility
 m - 2 potions of flight
 q - a potion of resistance {unknown}
 t - a potion of heal wounds {unknown}
 u - 2 potions of cancellation
 y - 2 potions of brilliance
 z - a potion of berserk rage {unknown}
 A - a potion of ambrosia {unknown}
 B - a potion of mutation {unknown}
Miscellaneous
 D - a lightning rod (4/4)
 G - a box of beasts


   Skills:
 + Level 10.8 Fighting
 - Level 6.0 Short Blades
 - Level 2.0 Throwing
 - Level 1.0 Dodging
 - Level 8.0 Stealth
 - Level 4.0 Evocations


You had 9 spell levels left.
You didn't know any spells.
Your spell library contained the following spells:

 Spells                   Type           Power      Damage    Failure   Level
 Apportation              Tloc           0%         N/A       41%         1
 Magic Dart               Conj           0%         1d3       41%         1
 Necrotise                Necr           0%         1d4       41%         1
 Sting                    Tmut/Pois      0%         1d3       41%         1
 Summon Small Mammal      Summ           0%         N/A       41%         1
 Call Imp                 Summ           0%         N/A       56%         2
 Ensorcelled Hibernation  Hex/Ice        0%         N/A       56%         2
 Passwall                 Tmut/Erth      0%         N/A       56%         2
 Poisonous Vapours        Pois/Air       0%         N/A       56%         2
 Mephitic Cloud           Conj/Pois/Air  0%         N/A       80%         3
 Summon Guardian Golem    Hex/Summ       0%         N/A       80%         3
 Swiftness                Air            0%         N/A       80%         3
 Olgreb's Toxic Radiance  Pois           0%         N/A       99%         4
 Petrify                  Tmut/Erth      0%         N/A       99%         4
 Metabolic Englaciation   Hex/Ice        0%         N/A       100%        5
 Statue Form              Tmut/Erth      0%         N/A       100%        6
 Orb of Destruction       Conj           0%         9d5       100%        7
 Spellforged Servitor     Conj/Summ      0%         N/A       100%        7


Dungeon Overview and Level Annotations

Branches:
Dungeon (10/15)            Temple (1/1) D:4            Lair (0/6) D:10
    Orc: D:9-12

Altars:
Ashenzari
Cheibriados
Dithmenos
Elyvilon
Fedhas
Gozag
Hepliaklqana
Kikubaaqudgha
Makhleb
Nemelex Xobeh
Okawaru
Qazlal
Ru
Trog
Yredelemnul
Zin
The Shining One

Annotations:
D:10 Psyche


Innate Abilities, Weirdness & Mutations

You have razor-sharp teeth.
Your natural rate of healing is unusually fast.
When hurt, damage is shared between your health and your magic reserves.
Your bite disrupts and absorbs the magic of your enemies.
Potions cannot restore your health.


Message History

You shoot a sling bullet.
The sling bullet hits the two-headed ogre!
The two-headed ogre is moderately wounded.
You shoot a sling bullet.
The sling bullet barely misses the two-headed ogre.
a - a +3 vorpal dagger (weapon)
You hit the two-headed ogre. You bite the two-headed ogre. You drain its power.
The two-headed ogre is moderately wounded.
The two-headed ogre hits you with a +0 giant club! x2
You hit the two-headed ogre.
You bite the two-headed ogre, but do no damage.
The two-headed ogre is heavily wounded.
You hit the two-headed ogre but do no damage.
You bite the two-headed ogre! You drain its power.
You feel invigorated.
The two-headed ogre is heavily wounded.
The two-headed ogre misses you.
The two-headed ogre hits you with a +0 giant club.
You hit the two-headed ogre.
The two-headed ogre is severely wounded.
You hit the two-headed ogre but do no damage.
The two-headed ogre is severely wounded.
The two-headed ogre closely misses you.
The two-headed ogre hits you with a +0 giant club!
You hit the two-headed ogre.
You bite the two-headed ogre, but do no damage.
The two-headed ogre is severely wounded.
You hit the two-headed ogre but do no damage.
The two-headed ogre is severely wounded.
The two-headed ogre barely misses you.
The two-headed ogre hits you with a +0 giant club!
You hit the two-headed ogre.
You bite the two-headed ogre, but do no damage.
The two-headed ogre is almost dead.
You hit the two-headed ogre.
You bite the two-headed ogre, but do no damage.
The two-headed ogre is almost dead.
The two-headed ogre hits you with a +0 giant club!!
* * * LOW HITPOINT WARNING * * *
The two-headed ogre hits you with a +0 giant club!!
You die...

## ####
##.###..##
#...#....## .
##.........#...
...............
#..@.......
#.......O......
##..##....)....
... ##........
[ #......##
.......#
#........
#........


You could see a two-headed ogre.

Vanquished Creatures
  A troll (D:10)
  3 slime creatures (D:10)
  A shadow (D:10)
  Eustachio (D:5)
  A water moccasin (D:5)
  4 black bears
  An orc warrior (D:4)
  3 ice beasts
  2 wolves (D:10)
  An ogre (D:5)
  3 centaurs
  2 kobold brigands
  2 bullfrogs (D:7)
  2 scorpions
  2 necrophages
  4 killer bees (D:10)
  4 howler monkeys
  2 electric eels (D:10)
  4 orc priests
  A gnoll bouda (D:7)
  7 hounds
  2 jellies
  5 iguanas
  7 orc wizards
  Robin (D:4)
  8 gnolls
  10 adders
  A white imp (D:5)
  2 ufetubi
  2 worms
  5 dart slugs
  21 orcs
  A bat (D:1)
  5 endoplasms
  A giant cockroach (D:2)
  20 goblins
  5 hobgoblins
  15 jackals
  3 quokkas
  6 ball pythons
  17 kobolds
  3 rats
191 creatures vanquished.

Vanquished Creatures (collateral kills)
  A scorpion (D:6)
  An ufetubus (D:6)
2 creatures vanquished.

Vanquished Creatures (others)
  An orc wizard (D:5)
  A kobold (D:10)
2 creatures vanquished.

Grand Total: 195 creatures vanquished

Notes
Turn   | Place    | Note
-------+----------+-------------------------------------------
     0 | D:1      | zishaf the Vine Stalker Brigand began the quest for the
                  | Orb.
     0 | D:1      | Reached XP level 1. HP: 11/11 MP: 2/2
   212 | D:1      | Reached skill level 1 in Dodging
   212 | D:1      | Reached XP level 2. HP: 11/15 MP: 3/3
   214 | D:1      | Reached skill level 5 in Stealth
   484 | D:1      | Reached skill level 2 in Fighting
   732 | D:1      | Noticed a shining eye
   823 | D:1      | Noticed a golden eye
   828 | D:1      | Found a faded altar of an unknown god.
   908 | D:1      | Noticed an eye of devastation
   914 | D:1      | Noticed a golden eye
  1462 | D:2      | Found an opulent altar of Gozag.
  1513 | D:2      | Reached XP level 3. HP: 18/18 MP: 4/4
  2061 | D:3      | Identified the +2 trident of Action {flame, rF+ Int+2}
  2187 | D:3      | Gained mutation: Your natural rate of healing is unusually
                  | fast. [Vine Stalker growth]
  2187 | D:3      | Reached XP level 4. HP: 20/23 MP: 5/5
  2752 | D:4      | Reached skill level 3 in Fighting
  2752 | D:4      | Reached XP level 5. HP: 28/28 MP: 6/6
  2837 | D:4      | Reached XP level 6. HP: 22/32 MP: 3/7
  3202 | D:4      | Noticed an orc warrior
  3214 | D:4      | Killed an orc warrior
  3215 | D:4      | Reached skill level 4 in Fighting
  3374 | D:4      | Found a staircase to the Ecumenical Temple.
  3381 | D:4      | Reached XP level 7. HP: 38/38 MP: 8/8
  3385 | Temple   | Entered the Ecumenical Temple
  3812 | D:4      | Noticed Robin
  3868 | D:4      | Killed Robin
  4030 | D:5      | Entered Level 5 of the Dungeon
  4090 | D:4      | Reached skill level 1 in Evocations
  4137 | D:5      | Found a sacrificial altar of Ru.
  4309 | D:5      | Reached skill level 5 in Fighting
  4309 | D:5      | Reached skill level 5 in Short Blades
  4315 | D:5      | Gained mutation: You have razor-sharp teeth. [Vine Stalker
                  | growth]
  4315 | D:5      | Reached XP level 8. HP: 41/43 MP: 9/9
  4464 | D:5      | Noticed Eustachio
  4490 | D:5      | Killed Eustachio
  5297 | D:6      | Reached skill level 6 in Fighting
  5314 | D:6      | Reached XP level 9. HP: 48/48 MP: 10/10
  5720 | D:7      | Found a bloodstained altar of Trog.
  5729 | D:7      | Reached skill level 7 in Fighting
  5756 | D:7      | Found a blossoming altar of Fedhas.
  5860 | D:7      | Identified the +5 sling of Iduugy {vorpal, Str+4 Int+2
                  | Dex+6}
  6002 | D:7      | Reached skill level 8 in Fighting
  6348 | D:8      | Found a glowing golden altar of the Shining One.
  6372 | D:8      | You fall into a shaft and drop 2 floors!
  6372 | D:10     | Entered Level 10 of the Dungeon
  6383 | D:10     | Found a sparkling altar of Nemelex Xobeh.
  6490 | D:10     | Reached skill level 9 in Fighting
  6652 | D:10     | Reached XP level 10. HP: 59/59 MP: 9/11
  6673 | D:10     | Reached skill level 10 in Fighting
  6818 | D:10     | Noticed Psyche
  7108 | D:10     | Found a staircase to the Lair.
  7190 | D:9      | Noticed a two-headed ogre
  7203 | D:9      | Demolished by a two-headed ogre

Illustrated notes

Levels and vault maps discovered:
D:1:      lightli_iron_boxes, layout_basic,
          hellmonk_ecumenical_altar_watching_god, serial_co_window_serial,
          co_window_paths_a, co_window_cross_1, co_window_corner_a,
          co_window_cross_1, co_window_paths_a, co_window_paths_b,
          co_window_corner_a, co_window_of_opportunity_a, co_window_paths_b,
          co_window_corner_cb, co_window_2corner, co_window_unsneaky_path_d
D:2:      layout_loops_ring, basic_altar
D:3:      layout_loops_cross
D:4:      kennysheep_goblin_castle, layout_loops_cross,
          minmay_temple_entry_drinking_statues, minmay_strange_pillars,
          minmay_distorted
D:5:      minmay_general_purpose_star, layout_loops_cross,
          nicolae_ru_awakened_eye, chequers_decorated_corner, chequers_garden,
          minmay_between, uniq_eustachio
D:6:      nicolae_cairo_tiling_large, layout_rooms, minivault_1
D:7:      layout_cave_pools, grunt_temple_overflow_open
D:8:      layout_rooms, mainiacjoe_overflow_alcove_4, minmay_misc_feat_tower,
          grunt_decor_clamped, chequers_serial_rivers_large_a, uniq_erica
D:9:      layout_cave_pools, nicolae_wu_jian_immortal_techniques,
          chequers_temple_overflow_minitemple, ebering_ghost_gozag,
          uniq_gastronok
D:10:     layout_gridville, nemelex_xobeh_ov_fountains_minmay,
          lemuel_crystal_altar, erik_lair_island, uniq_psyche
Temple:   hellmonk_temple_forest_ring

Skill      XL: |  1  2  3  4  5  6  7  8  9 10 |
---------------+-------------------------------+-----
Dodging        | 1 |  1.0
Stealth        | 5 6 8 |  8.0
Fighting       | 2 3 4 5 6 9 10 | 10.8
Short Blades   | 2 3 4 5 6 |  6.0
Throwing       | 2 |  2.0
Evocations     | 1 3 4 |  4.0

Action                   |  1- 3 |  4- 6 |  7- 9 | 10-12 || total
-------------------------+-------+-------+-------+-------++-------
Melee: Dagger            |    96 |   123 |   406 |    50 ||   675
       Bite              |    22 |    35 |   134 |    28 ||   219
       Punch             |     1 |       |     5 |     1 ||     7
 Fire: Sling             |       |       |    43 |    20 ||    63
Throw: Dart              |       |     6 |     3 |     1 ||    10
  Use: Scroll            |       |     6 |    12 |       ||    18
       Potion            |       |       |     2 |       ||     2
 Stab: Sleeping          |     8 |     9 |    11 |       ||    28
Armor: Robe              |    18 |    16 |       |       ||    34
       Ring mail         |       |    19 |    92 |       ||   111
       Leather armour    |       |       |    97 |    19 ||   116
       Skin              |       |       |    27 |       ||    27
Dodge: Dodged            |    38 |    48 |   211 |    21 ||   318

Table legend: (Time is in decaauts)
 A = Elapsed time spent in this place.
 B = Non-inter-level travel time spent in this place.
 C = Inter-level travel time spent in this place.
 D = Time resting spent in this place.
 E = Time spent auto-exploring this place.
 F = Levels seen in this place.
 G = Mean time per level.
                   A        B        C        D        E       F      G
               +--------+--------+--------+--------+--------+-----+--------+
         Total |   7069 |   6671 |    398 |    197 |   4577 |  11 |  642.6 |
       Dungeon |   6904 |   6520 |    384 |    197 |   4437 |  10 |  690.4 |
        Temple |    164 |    150 |     14 |      0 |    140 |   1 |  164.0 |
               +--------+--------+--------+--------+--------+-----+--------+

Top non-repeatable levels by time:
     D:1: 1391 daAuts
     D:4: 1109 daAuts
     D:5: 988 daAuts
    D:10: 805 daAuts
     D:3: 787 daAuts
     D:6: 641 daAuts
     D:2: 585 daAuts
     D:7: 497 daAuts
  Temple: 164 daAuts
     D:8: 86 daAuts
     D:9: 11 daAuts
